 Dungeon Crawl Stone Soup version 0.22.1-6-g1668fe2 (webtiles) character file.

2471 Yuikono the Spear-Bearer (level 9, -26/78 HPs)
             Began as a Merfolk Gladiator on Jan 28, 2019.
             Was an Initiate of Okawaru.
             Annihilated by an orc knight
             ... wielding a +0 war axe
              (45 damage)
             ... in a bailey.
             The game lasted 00:27:33 (6754 turns).

Yuikono the Spear-Bearer (Merfolk Gladiator)        Turns: 6754, Time: 00:27:33

Health: -26/78     AC:  6    Str: 14    XL:     9   Next: 51%
Magic:  9/9        EV: 20    Int: 10    God:    Okawaru [......]
Gold:   155        SH:  0    Dex: 21    Spells: 8/8 levels left

rFire    . . .     SeeInvis .   Q - +1 halberd (elec)
rCold    . . .     Gourm    .   (shield currently unavailable)
rNeg     + . .     Faith    .   g - +1 robe {rN+}
rPois    .         Spirit   .   c - +0 helmet
rElec    .         Reflect  .   (no cloak)
rCorr    .         Harm     .   D - +0 pair of gloves
MR       .....                  (no boots)
Stlth    ++++......             y - amulet of rage
HPRegen  0.23/turn              k - ring of wizardry
MPRegen  0.11/turn              (no ring)

@: agile, hasted, very quick
A: change form in water, swift swim, stealthy swim, rugged brown scales 1,
deterioration 1
a: Renounce Religion, Evoke Berserk Rage


You were in a bailey.
You worshipped Okawaru.
Okawaru was noncommittal.
You were not hungry.

You visited 2 branches of the dungeon, and saw 9 of its levels.
You also visited: Bailey.

You collected 316 gold pieces.
You spent 161 gold pieces at shops.

Inventory:

Hand Weapons
 a - a +0 trident
 i - a +0 scythe
 p - a +0 hunting sling
 x - the +8 dagger "Vaskohal" {protect, rC+ Str+4}
   (You bought it in a shop on level 4 of the Dungeon)

   It protects the one who uses it against injury (+AC on strike).
   It affects your strength (+4).
   It protects you from cold.
 F - a +0 halberd
 I - a +0 arbalest of flaming
 Q - a +1 halberd of electrocution (weapon)
Missiles
 d - 3 throwing nets
 j - 121 stones (quivered)
 l - 56 sling bullets
 n - 104 arrows
 q - 47 poisoned needles
 r - 16 bolts
 E - 5 tomahawks
 L - 45 tomahawks of returning
Armour
 c - a +0 helmet (worn)
 g - a +1 robe of positive energy (worn)
 w - a +2 buckler
 D - a +0 pair of gloves (worn)
Jewellery
 k - a ring of wizardry (left hand)
 y - an amulet of rage (around neck)
Wands
 m - a wand of random effects (16)
 u - a wand of digging (10)
 G - a wand of iceblast (12)
 H - a wand of scattershot (6)
Scrolls
 e - 3 scrolls of identify
 h - 2 scrolls of fog
 t - 2 scrolls of teleportation
 J - a scroll of remove curse
Potions
 b - 2 potions of curing
 o - a potion of cancellation
 v - 2 potions of ambrosia {unknown}
 z - a potion of degeneration {unknown}
 A - 2 potions of flight {unknown}
 B - 3 potions of haste
 C - a potion of agility
 M - a potion of might {unknown}
 P - a potion of magic {unknown}
Comestibles
 f - 9 rations
 N - 4 chunks of flesh


   Skills:
 + Level 9.3 Fighting
 + Level 5.2 Short Blades
 - Level 10.6 Polearms
 - Level 2.0 Throwing
 - Level 4.0 Dodging
 + Level 5.2 Stealth
 + Level 0.5 Evocations


You had 8 spell levels left.
You didn't know any spells.
Your spell library was empty.

Dungeon Overview and Level Annotations

Branches:
Dungeon (8/15)             Temple (1/1) D:6
   Lair: D:8-11

Altars:
Cheibriados
Dithmenos
Gozag
Hepliaklqana
Kikubaaqudgha
Makhleb
Nemelex Xobeh
Okawaru
Qazlal
Uskayaw
Vehumet
Wu Jian
Xom
Yredelemnul
Zin

Shops:
D:4 (

Annotations:
D:5 1 runed door, GORGAWROTH's ghost, novice OpAs
D:8 Pikel


Innate Abilities, Weirdness & Mutations

You revert to your normal form in water.
You are very nimble and swift while swimming.
You are very stealthy in the water. (Stealth+)
You are partially covered in rugged brown scales. (AC +1, +3% HP)
Your body sometimes deteriorates upon taking damage.


Message History

You see here a gnoll corpse.
There is a fountain of clear blue water here.
Things that are here:
a kobold corpse x2
There is an open door here.
You see here a halberd.
There is an open door here.
You see here a halberd.
There is an open door, spattered with blood here.
You see here a kobold corpse.
The gnoll shouts!
The orc knight rages.
The gnoll closely misses you.
You closely miss the gnoll. The orc knight barely misses you.
You hit the gnoll. Lightning courses through the gnoll!
You kill the gnoll!
Okawaru accepts your kill.
The orc knight hits you with a war axe!!!
Ouch! That really hurt!
You die...

#.....# g. ##))...#
#.. ##(##'##'# #'#
#.## # #.#g# #'# ###
### ### ## #.###.#
#.#)###.# #.#
##'##'##+# #'##'##'#
##††...# ##)....#
###.g...#####.@...###
#.'..⌠..'.#.'.o∩..'.#
###.....#####÷....###
##÷...†## ##.....##
##+##'##'###†##+##+##
#)###.###)')###.###∩#
### ### ##### ### ###


You could see an orc knight (berserk).

Vanquished Creatures
  Grinder (D:4)
  Sigmund (D:3)
  Eustachio (D:4)
  Duvessa (D:6)
  2 slaves (D:7)
  A sky beast (D:5)
  A centaur (D:6)
  2 ogres (D:4)
  A gnoll sergeant (D:5)
  2 bullfrogs (D:6)
  Dowan (D:6)
  4 wights (D:3)
  A howler monkey (D:4)
  A crimson imp (D:5)
  2 jellies
  3 orc wizards (D:4)
  2 bullfrog skeletons
  4 hounds
  4 iguanas
  5 worker ants
  2 hound skeletons
  3 worker ant zombies
  17 gnolls
  15 adders
  8 oozes (D:3)
  An adder zombie (D:5)
  5 worms
  A dart slug (D:3)
  2 leopard geckos
  8 orcs
  2 ball pythons
  4 bats
  A giant cockroach (D:6)
  11 goblins
  11 hobgoblins
  16 jackals
  23 kobolds
  A quokka (D:2)
  5 frilled lizards
  A leopard gecko skeleton (D:4)
  6 rats
183 creatures vanquished.

Vanquished Creatures (others)
  5 toadstools (D:3)
5 creatures vanquished.

Grand Total: 188 creatures vanquished

Notes
Turn   | Place    | Note
-------+----------+-------------------------------------------
     0 | D:1      | Yuikono the Merfolk Gladiator began the quest for the Orb.
     0 | D:1      | Reached XP level 1. HP: 16/16 MP: 1/1
    77 | D:1      | Reached XP level 2. HP: 17/23 MP: 2/2
   168 | D:1      | Reached skill level 5 in Polearms
   632 | D:2      | Reached XP level 3. HP: 22/29 MP: 3/3
  1260 | D:2      | Reached XP level 4. HP: 33/35 MP: 4/4
  1401 | D:2      | Reached skill level 6 in Polearms
  1653 | D:3      | Noticed Sigmund
  2098 | D:3      | Killed Sigmund
  2098 | D:3      | Reached skill level 5 in Fighting
  2098 | D:3      | Reached skill level 7 in Polearms
  2098 | D:3      | Reached XP level 5. HP: 36/44 MP: 5/5
  2098 | D:3      | Reached XP level 6. HP: 42/51 MP: 6/6
  2382 | D:3      | Reached skill level 8 in Polearms
  2682 | D:3      | Reached XP level 7. HP: 54/57 MP: 7/7
  3146 | D:4      | Noticed Grinder
  3276 | D:4      | Reached skill level 9 in Polearms
  3531 | D:4      | Killed Grinder
  3531 | D:4      | Reached XP level 8. HP: 13/67 MP: 8/8
  3588 | D:4      | Reached skill level 10 in Polearms
  3943 | D:4      | Found a sparkling altar of Nemelex Xobeh.
  4042 | D:4      | Noticed Eustachio
  4188 | D:4      | Killed Eustachio
  4464 | D:4      | Found Fots's Antique Weapon Boutique.
  4467 | D:4      | Bought a warped dagger for 161 gold pieces
  4467 | D:4      | Identified the +8 dagger "Vaskohal" {protect, rC+ Str+4}
                  | (You bought it in a shop on level 4 of the Dungeon)
  4655 | D:4      | Reached skill level 1 in Short Blades
  4655 | D:4      | Reached skill level 1 in Stealth
  4878 | D:5      | Entered Level 5 of the Dungeon
  5240 | D:5      | Reached XP level 9. HP: 29/75 MP: 9/9
  5291 | D:5      | Found a runed door.
  5292 | D:5      | Noticed GORGAWROTH's ghost (novice OpAs)
  5418 | D:5      | Found a stormy altar of Qazlal.
  5808 | D:6      | Noticed Dowan
  5826 | D:6      | Noticed Duvessa
  5832 | D:6      | Killed Dowan
  5843 | D:6      | Killed Duvessa
  6097 | D:6      | Reached skill level 5 in Short Blades
  6097 | D:6      | Reached skill level 5 in Stealth
  6099 | D:6      | You fall through a shaft for 2 floors!
  6108 | D:8      | Noticed Pikel
  6269 | D:6      | Found a staircase to the Ecumenical Temple.
  6276 | Temple   | Entered the Ecumenical Temple
  6284 | Temple   | Became a worshipper of Warmaster Okawaru
  6361 | D:7      | Found a flagged portal.
  6375 | Bailey   | Entered a bailey
  6721 | Bailey   | Noticed an orc knight
  6732 | Bailey   | Gained mutation: Your body sometimes deteriorates upon
                  | taking damage. [potion of mutation]
  6732 | Bailey   | Gained mutation: You are partially covered in rugged brown
                  | scales. (AC +1, +3% HP) [potion of mutation]
  6754 | Bailey   | Annihilated by an orc knight

Skill      XL: |  1  2  3  4  5  6  7  8  9 |
---------------+----------------------------+-----
Polearms       | 5 7 8 9 10 | 10.6
Fighting       | 3 5 7 8 9 |  9.3
Short Blades   | 3 5 |  5.2
Stealth        | 3 5 |  5.2
Throwing       | |  2.0
Dodging        | |  4.0
Evocations     | |  0.5

Action                   |  1- 3 |  4- 6 |  7- 9 || total
-------------------------+-------+-------+-------++-------
Melee: Trident           |    95 |   134 |   262 ||   491
       Dagger            |       |       |   281 ||   281
       Halberd           |       |       |    15 ||    15
 Fire: Arbalest          |       |       |     4 ||     4
Throw: Stone             |       |     3 |    10 ||    13
       Throwing net      |       |     1 |       ||     1
 Abil: Evoke Berserk Rag |       |       |     1 ||     1
  Use: Scroll            |       |     4 |     9 ||    13
       Potion            |       |     2 |     5 ||     7
 Stab: Sleeping          |     1 |     3 |     8 ||    12
       Distracted        |       |       |     1 ||     1
  Eat: Chunk             |     1 |     3 |    11 ||    15
       Ration            |       |       |     2 ||     2
Armor: Leather armour    |    19 |    23 |   108 ||   150
       Robe              |       |       |    23 ||    23
Dodge: Dodged            |    67 |    85 |   281 ||   433
Block: Buckler           |       |       |    81 ||    81
